 Dungeon Crawl Stone Soup version 0.19-a0-1468-ge013c26 (webtiles) character file.

425 jacquesderrida the Slasher (level 6, -4/34 HPs)
             Began as a Vine Stalker Wanderer on Sept 7, 2016.
             Slain by a scorpion (7 damage)
             ... on level 4 of the Dungeon.
             The game lasted 00:06:17 (1471 turns).

jacquesderrida the Slasher (Vine Stalker Wanderer)  Turns: 1471, Time: 00:06:18

Health: -4/34      AC:  4    Str: 16    XL:     6   Next: 96%
Magic:  0/7        EV: 12    Int: 13    God:
Gold:   170        SH:  0    Dex: 13    Spells: 0 memorised, 5 levels left

rFire  . . .     SeeInvis .     a - +3 falchion
rCold  . . .     Gourm    .     e - +1 scale mail
rNeg   . . .     Faith    .     (no shield)
rPois  .         Spirit   +     (no helmet)
rElec  .         Dismiss  .     (no cloak)
rCorr  .         Reflect  .     (no gloves)
MR     .....     Harm     .     (no boots)
Stlth  ..........               (no amulet)
                                s - -3 ring of protection (curse)
                                r - +3 ring of evasion

@: lethally poisoned (-4 -> -5), drained
A: fangs 2, regeneration 1, magic shield, antimagic bite, no device heal 3, rot
immunity
a: no special abilities


You were on level 4 of the Dungeon.
You were very hungry.

You visited 1 branch of the dungeon, and saw 5 of its levels.

You collected 170 gold pieces.

Inventory:

Hand Weapons
 a - a +3 falchion (weapon)
Missiles
 n - 2 steel tomahawks (quivered)
Armour
 e - a +1 scale mail (worn)
Jewellery
 r - a +3 ring of evasion (left hand)
 s - a cursed -3 ring of protection (right hand)
Scrolls
 d - a scroll of enchant weapon
 h - a scroll of teleportation
 l - 2 scrolls of identify
Potions
 b - a potion of lignification
 c - a potion of curing
 g - 2 potions of flight
Books
 q - a Fen Folio

   Spells                             Type                      Level
   a - Corpse Rot                     Necromancy                   2
   b - Stone Arrow                    Conjuration/Earth            3
   c - Leda's Liquefaction            Hexes/Earth                  4
   d - Summon Forest                  Summoning/Translocation      5
   e - Hydra Form                     Transmutation                6
   f - Summon Hydra                   Summoning                    7
Comestibles
 f - 2 bread rations
 j - 3 meat rations
 m - a slice of pizza


   Skills:
 - Level 4.5(3.5) Fighting
 + Level 6.6(5.5) Long Blades
 - Level 1.0(0.0) Dodging
   Level 1.0(0.0) Shields
   Level 1.0(0.0) Evocations


You had 5 spell levels left.
You didn't know any spells.

Dungeon Overview and Level Annotations

Branches:
Dungeon (5/15)
 Temple: D:4-7

Altars:
Dithmenos
Kikubaaqudgha
Qazlal
Sif Muna
Zin

Shops:
D:5 *


Innate Abilities, Weirdness & Mutations

You have extremely sharp teeth.
Your natural rate of healing is unusually fast.
When hurt, damage is shared between your health and your magic reserves.
Your bite disrupts and absorbs the magic of your enemies.
Potions and wands cannot restore your health.
You are immune to rotting.


Message History

The scorpion is moderately wounded.
You feel sick. The scorpion stings you.
You hit the scorpion.
The scorpion is moderately wounded.
You feel sick. The scorpion stings you.
You closely miss the scorpion.
The scorpion is moderately wounded.
The scorpion stings you.
* * * LOW HITPOINT WARNING * * *
You hit the scorpion. Your bite misses the scorpion.
The scorpion is heavily wounded.
You feel sick. The scorpion stings you!
* * * LOW HITPOINT WARNING * * *
You hit the scorpion but do no damage.
The scorpion is heavily wounded.
You feel sick. The scorpion barely misses you.
You hit the scorpion.
The scorpion is severely wounded.
You feel sick. The scorpion stings you!
You die...

.!.... .... ....
... #.. #### #.#
...# #s# #########
...#
#@#####.#.....>.#
...#
##.......#.#####.#
...#
#...######.####
... ...###
#.............#
### .....#
#.......).....#
...#.##
#.............#
......#
####.............
..#.#.#
#..........##.
......#
#..........# #


You could see a scorpion.

Vanquished Creatures
  An ogre (D:4)
  A howler monkey (D:3)
  2 crimson imps (D:5)
  2 iguanas (D:5)
  An orc wizard (D:5)
  2 hell rats (D:5)
  A worker ant (D:4)
  A hound skeleton (D:4)
  An adder (D:4)
  A worm (D:3)
  2 dart slugs
  A giant gecko (D:4)
  5 orcs
  2 giant cockroaches
  5 goblins
  A hobgoblin (D:2)
  10 jackals
  A ball python (D:3)
  A bat (D:3)
  3 giant newts
  A jackal skeleton (D:4)
  A kobold (D:1)
  A quokka skeleton (D:5)
  13 rats
60 creatures vanquished.

Notes
Turn   | Place    | Note
-------+----------+-------------------------------------------
     0 | D:1      | jacquesderrida the Vine Stalker Wanderer began the quest for the Orb.
     0 | D:1      | jacquesderrida set off with: a +2 falchion, a potion of lignification, a potion of curing, a +0 robe, a bread ration
     0 | D:1      | Reached XP level 1. HP: 14/14 MP: 2/2
    23 | D:1      | Reached skill level 2 in Long Blades
    56 | D:1      | Reached XP level 2. HP: 10/18 MP: 3/3
   260 | D:2      | Found a faded altar of an unknown god.
   415 | D:3      | Reached skill level 3 in Long Blades
   424 | D:3      | Noticed a howler monkey
   432 | D:3      | Killed a howler monkey
   432 | D:3      | Reached XP level 3. HP: 14/21 MP: 4/4
   432 | D:3      | Gained mutation: Your natural rate of healing is unusually fast. [Vine Stalker growth]
   432 | D:3      | Reached XP level 4. HP: 18/26 MP: 5/5
   551 | D:3      | Found a deep blue altar of Sif Muna.
   554 | D:3      | Reached skill level 4 in Long Blades
   566 | D:3      | Found a stormy altar of Qazlal.
   813 | D:4      | Reached XP level 5. HP: 27/30 MP: 6/6
  1087 | D:3      | Found a shadowy altar of Dithmenos.
  1087 | D:3      | Found an ancient bone altar of Kikubaaqudgha.
  1090 | D:3      | Found a glowing silver altar of Zin.
  1141 | D:4      | Noticed an ogre
  1148 | D:4      | Killed an ogre
  1148 | D:4      | Reached skill level 5 in Long Blades
  1169 | D:5      | Entered Level 5 of the Dungeon
  1185 | D:5      | Reached XP level 6. HP: 23/34 MP: 5/7
  1246 | D:5      | Found Giro's Elemental Accessories.
  1305 | D:5      | Reached skill level 6 in Long Blades
  1410 | D:5      | HP: 1/34 [hell rat (3)]
  1471 | D:4      | Slain by a scorpion

Vault maps used:
D:1:      minmay_arrival_checkered_box
D:2:      ecumenical_altar_2
D:3:      gammafunk_temple_overflow_forgotten, amethyst_overflow_temple_binary
D:4:      serial_glass, glass_columns_b, glass_columns_a, glass_columns_a,
          glass_columns_c, glass_columns_b, glass_columns_a, glass_columns_c,
          glass_columns_b, glass_columns_b, glass_columns_a, grunt_ministairs_9
D:5:      lemuel_ratsnest, first_bread, nicolae_elemental_shop

Skill      XL: |  1  2  3  4  5  6 |
---------------+-------------------+-----
Long Blades    | 2 3 4 5 6 |  6.6
Fighting       | |  4.5
Dodging        | |  1.0
Shields        | |  1.0
Evocations     | |  1.0

Action                   |  1- 3 |  4- 6 || total
-------------------------+-------+-------++-------
Melee: Falchion          |    64 |   143 ||   207
       Bite              |     9 |    48 ||    57
Throw: Tomahawk          |       |     2 ||     2
  Use: Potion            |       |     1 ||     1
       Scroll            |       |     7 ||     7
  Eat: Chunk             |       |     1 ||     1
Armor: Robe              |     5 |       ||     5
       Scale mail        |    19 |    42 ||    61
Dodge: Dodged            |    22 |    70 ||    92
